 Dungeon Crawl Stone Soup version 0.26.0-16-gc1dbca0489 (webtiles) character file.

Game seed: 16034627723666581449

141 kaeus the Ruffian (level 5, -4/41 (42) HPs)
             Began as a Draconian Transmuter on Jan 20, 2021.
             Killed by nerve-wracking pain
             ... invoked by Grinder
              (10 damage)
             ... on level 3 of the Dungeon.
             The game lasted 00:04:31 (3127 turns).

kaeus the Ruffian (Draconian Transmuter)            Turns: 3127, Time: 00:04:31

HP:   -4/41 (42)    AC:  5    Str: 13    XL:     5   Next: 3%
MP:   9/9           EV: 12    Int: 14    God:
Gold: 182           SH:  0    Dex: 11    Spells: 8/9 levels left

rFire    . . .     SeeInvis .     - Unarmed
rCold    . . .     Faith    .   (no shield)
rNeg     . . .     Spirit   .   (armour unavailable)
rPois    .         Reflect  .   (helmet currently unavailable)
rElec    .         Harm     .   f - scarf {repulsion}
rCorr    .         Rampage  .   (no gloves)
Will     .....                  (boots currently unavailable)
Stlth    +.........             h - amulet of regeneration
HPRegen  0.53/turn              (no ring)
MPRegen  0.11/turn              (no ring)

@: appendages (expiring), lightly drained, repel missiles
A: unfitting armour, horns 2, talons 2, cold-blooded, AC +5
a: End Transformation


You were on level 3 of the Dungeon.
You had grown temporary horns.
You had grown temporary talons.
You visited 1 branch of the dungeon, and saw 3 of its levels.

You collected 182 gold pieces.

Inventory:

Hand Weapons
 k - a +1 short sword of draining
Armour
 f - a scarf of repulsion (worn)
Jewellery
 h - an amulet of regeneration (around neck)
Scrolls
 a - 2 scrolls of remove curse {unknown}
 b - a scroll of blinking {unknown}
 c - 3 scrolls of identify {unknown}
 d - a scroll of fear {unknown}
 i - a scroll of amnesia {unknown}
 j - a scroll of magic mapping {unknown}
Potions
 l - a potion of curing {unknown}


   Skills:
 + Level 2.5 Fighting
 + Level 2.6 Dodging
 + Level 3.6 Unarmed Combat
 + Level 2.7 Spellcasting
 + Level 2.8 Transmutations


You had 8 spell levels left.
You knew the following spells:

 Your Spells              Type           Power        Failure   Level
a - Beastly Appendage     Tmut           18%          7%          1

Your spell library contained the following spells:

 Spells                   Type           Power        Failure   Level
 Wereblood                Tmut           9%           11%         2
 Spider Form              Tmut/Pois      2%           36%         3
 Ice Form                 Ice/Tmut       5%           77%         4
 Blade Hands              Tmut           4%           88%         5


Dungeon Overview and Level Annotations

Branches:
Dungeon (3/15)

Altars:

Annotations:
D:3 Grinder


Innate Abilities, Weirdness & Mutations

Your plain brown scales are hard. (AC +5)
You cannot fit into any form of body armour.
You are cold-blooded and may be slowed by cold attacks.
You have a pair of horns on your head.
You have razor-sharp toenails.


Message History

You hit Grinder but do no damage. You tail-slap Grinder.
Grinder is heavily wounded.
Grinder barely misses you.
You hit Grinder.
Grinder is heavily wounded.
Grinder blinks!
You barely miss Grinder. Your kick misses Grinder.
Grinder is heavily wounded.
Your transformation is almost over.
Grinder hits you.
* * * LOW HITPOINT WARNING * * *
You writhe in agony.
* * * LOW HITPOINT WARNING * * *
You hit Grinder.
Grinder is heavily wounded.
Grinder barely misses you.
It was a potion of magic.
Magic courses through your body. Grinder gestures at you.
Pain shoots through your body!
You die...

####..###...#..#..######.###
#..#...(.##.#.## .#
###..#.#........#.. ..
#....<.#..###.###.# #..
#.#.......###.###.# #.....
#.#....####.....#.##......
#.#.##.# #.....#.#......
#.#.##.# #...5.#... ...
#.....)# #....@#.# #.##
###.#### #......## ...#
#.#############.## ##.#
#.##...# ##.###..# #....#.#
##.#.#.# ####...# ##.##.#
##.###### ####.# #.......#
#.# #..####.##########.#


You could see Grinder.

Vanquished Creatures
  An orc wizard (D:3)
  2 adders
  3 oozes
  A worm (D:3)
  A dart slug (D:2)
  A leopard gecko (D:2)
  5 orcs (D:3)
  6 bats
  9 giant cockroaches
  10 hobgoblins
  7 jackals (D:2)
  2 quokkas
  4 frilled lizards
  6 goblins
  6 kobolds
  4 rats
68 creatures vanquished.

Notes
Turn   | Place    | Note
-------+----------+-------------------------------------------
     0 | D:1      | kaeus the Draconian Transmuter began the quest for the Orb.
     0 | D:1      | Reached XP level 1. HP: 16/16 MP: 3/3
   286 | D:1      | Reached XP level 2. HP: 19/23 MP: 3/5
  1551 | D:2      | Reached XP level 3. HP: 27/29 MP: 4/6
  2263 | D:2      | Reached XP level 4. HP: 34/36 MP: 7/7
  2853 | D:3      | Reached XP level 5. HP: 39/40 MP: 7/9
  3107 | D:3      | Noticed Grinder
  3127 | D:3      | Killed from afar by Grinder

Illustrated notes

Levels and vault maps discovered:
D:1:      nzn_arrival_crosshair, layout_basic
D:2:      layout_loops_ring
D:3:      layout_loops_cross, minivault_5, uniq_grinder

Skill      XL: |  1  2  3 |
---------------+----------+-----
Dodging        | 2 |  2.6
Fighting       | 2 |  2.5
Unarmed Combat | |  3.6
Spellcasting   | |  2.7
Transmutations | |  2.8

Action                   |  1- 3 |  4- 6 || total
-------------------------+-------+-------++-------
Melee: Unarmed           |   127 |    99 ||   226
       Headbutt          |    13 |     9 ||    22
       Kick              |    19 |    13 ||    32
       Tailslap          |     8 |     8 ||    16
       Punch             |     2 |       ||     2
 Cast: Beastly Appendage |    30 |    17 ||    47
  Use: Potion            |       |     3 ||     3
 Stab: Sleeping          |     1 |       ||     1
Armor: Skin              |    46 |    19 ||    65
Dodge: Dodged            |    85 |    50 ||   135
